 Dungeon Crawl Stone Soup version 0.27.1-33-g824d729ab1 (webtiles) character file.

Game seed: 114347795828761651

63177 Kaptain the Geomancer (level 15, 0/90 HPs)
             Began as a Gargoyle Earth Elementalist on Dec 28, 2021.
             Slain by a merfolk (12 damage)
             ... on level 1 of the Shoals.
             The game lasted 01:28:20 (31278 turns).

Kaptain the Geomancer (GrEE)                       Turns: 31278, Time: 01:28:21

Health: 0/90       AC: 24    Str: 18    XL:     15   Next: 8%
Magic:  16/30      EV:  6    Int: 22    God:
Gold:   1055       SH:  0    Dex: 10    Spells: 21/36 levels left

rFire    . . .     SeeInvis .   I - +3 trident of Kismet {spect, rC+}
rCold    + + .     Faith    .   w - +0 buckler
rNeg     + . .     Spirit   .   v - +1 troll leather armour
rPois    ∞         Reflect  .   F - +0 helmet
rElec    +         Harm     .   d - +2 cloak
rCorr    .         Rampage  .   s - +0 pair of gloves
Will     +....                  (no boots)
Stlth    ++++......             (no amulet)
HPRegen  1.25/turn              a - ring of protection from cold
MPRegen  0.22/turn              G - +6 ring of strength

@: flying, very slightly contaminated, held
A: sickness immunity, AC +11, big wings, negative energy resistance 1,
electricity resistance, torment resistance 1, petrification resistance
a: no special abilities


You were on level 1 of the Shoals.
You visited 5 branches of the dungeon, and saw 20 of its levels.
You also visited: Ice Cave.

You collected 1940 gold pieces.
You spent 885 gold pieces at shops.

Inventory:

Hand Weapons
 b - a +5 eveningstar of freezing
 e - a +5 vorpal scimitar
 y - the +2 mace of Sodipea {vorpal, Int+3}
   (You found it on level 7 of the Dungeon)

   It inflicts extra damage upon your enemies.
   Int:       It affects your intelligence (+3).
 C - a +1 scimitar of flaming
 I - the +3 trident of Kismet (weapon) {spect, rC+}
   (You found it on level 1 of the Lair of Beasts)

   When its wielder attacks, the weapon's spirit leaps out and strikes again.
   The spirit shares a part of any damage it takes with its wielder.
   rC:        It protects you from cold.
 L - a +2 long sword of protection
 S - a +2 flail of holy wrath
Missiles
 r - 198 stones
Armour
 d - a +2 cloak (worn)
 s - a +0 pair of gloves (worn)
 v - a +1 troll leather armour (worn)
 w - a +0 buckler (worn)
 D - a +0 robe of resistance
 F - a +0 helmet (worn)
 J - +0 acid dragon scales
Magical Staves
 i - a staff of cold
Jewellery
 a - a ring of protection from cold (left hand)
 G - a +6 ring of strength (right hand)
Wands
 p - a wand of iceblast (7)
 x - a wand of digging (5)
 H - a wand of acid (1)
 K - a wand of flame (43)
 M - a wand of mindburst (16)
 N - a wand of polymorph (9)
Scrolls
 h - 3 scrolls of acquirement
 k - 2 scrolls of summoning
 o - 3 scrolls of identify
 u - 7 scrolls of teleportation
 A - 3 scrolls of magic mapping
 B - a scroll of enchant weapon
 E - 2 scrolls of enchant armour
 R - a scroll of immolation
Potions
 c - 3 potions of magic
 f - 3 potions of cancellation
 g - 7 potions of haste
 l - 2 potions of lignification
 m - 2 potions of berserk rage
 n - a potion of ambrosia
 q - 3 potions of resistance
 t - 5 potions of curing
 z - 2 potions of brilliance


   Skills:
 + Level 9.2 Fighting
 + Level 9.3 Armour
 - Level 4.3 Dodging
 - Level 10.0 Stealth
 + Level 8.1 Shields
 * Level 11.0 Spellcasting
 * Level 12.4 Conjurations
 - Level 0.7 Transmutations
 + Level 1.9 Fire Magic
 * Level 14.1 Earth Magic


You had 21 spell levels left.
You knew the following spells:

 Your Spells              Type           Power      Damage    Failure   Level
a - Sandblast             Erth           100%       2d20      1%          1
b - Stone Arrow           Conj/Erth      100%       3d13      1%          3
c - Bolt of Magma         Conj/Fire/Erth 26%        4d12      3%          5
d - Iron Shot             Conj/Erth      31%        9d6       4%          6

Your spell library contained the following spells:

 Spells                   Type           Power      Damage    Failure   Level
 Passwall                 Tmut/Erth      36%        N/A       1%          2
 Animate Armour           Summ/Erth      86%        N/A       3%          4
 Leda's Liquefaction      Hex/Erth       21%        N/A       3%          4
 Petrify                  Tmut/Erth      44%        N/A       3%          4
 Beastly Appendage        Tmut           30%        N/A       4%          1
 Hailstorm                Conj/Ice       39%        3d9       4%          4
 Sting                    Tmut/Pois      52%        1d5       5%          1
 Corona                   Hex            13%        N/A       6%          1
 Wereblood                Tmut           15%        N/A       7%          2
 Ensorcelled Hibernation  Hex/Ice        24%        N/A       10%         2
 Poisonous Vapours        Pois/Air       24%        N/A       10%         2
 Irradiate                Conj/Tmut      20%        3d20      12%         5
 Spider Form              Tmut/Pois      6%         N/A       16%         3
 Call Canine Familiar     Summ           12%        N/A       19%         3
 Frozen Ramparts          Ice            24%        1d4       19%         3
 Portal Projectile        Hex/Tloc       24%        N/A       19%         3
 Tukima's Dance           Hex            12%        N/A       19%         3
 Freezing Cloud           Conj/Ice/Air   15%        6-21      32%         5
 Ice Form                 Ice/Tmut       13%        N/A       47%         4
 Olgreb's Toxic Radiance  Pois           12%        N/A       52%         4
 Summon Ice Beast         Ice/Summ       12%        N/A       52%         4
 Blade Hands              Tmut           7%         N/A       78%         5
 Metabolic Englaciation   Hex/Ice        6%         N/A       86%         5
 Shadow Creatures         Summ           N/A        N/A       100%        6
 Simulacrum               Ice/Necr       6%         N/A       100%        6
 Chain Lightning          Conj/Air       19%        3d26      100%        9
 Fire Storm               Conj/Fire      21%        8d6       100%        9
 Polar Vortex             Ice            6%         N/A       100%        9
 Shatter                  Erth           32%        3d26*     100%        9
 Sublimation of Blood     Necr           Unusable   N/A       N/A         2
 Statue Form              Tmut/Erth      Unusable   N/A       N/A         6

Dungeon Overview and Level Annotations

Branches:
Dungeon (11/15)            Temple (1/1) D:4            Lair (5/6) D:11
 Shoals (1/4) Lair:4        Snake (0/4) Lair:2          Orc (2/2) D:9
    Elf (0/3) Orc:2         IceCv (visited)
  Slime: Lair:5-6

Altars:
Ashenzari
Cheibriados
Dithmenos
Elyvilon
Fedhas
Gozag
Hepliaklqana
Kikubaaqudgha
Makhleb
Nemelex Xobeh
Okawaru
Qazlal
Ru
Sif Muna
Trog
Uskayaw
Vehumet
Wu Jian
Xom
Yredelemnul
Zin
The Shining One
Beogh

Shops:
D:4 [   D:5 [   D:11 ?   Orc:1 =   Orc:2 ([:*   Shoals:1 *

Portals:
Trove: D:10 (lose all piety)

Annotations:
Lair:4 3 runed translucent doors, exclusion: 2 oklob plants, Vufrucs's ghost, journeyman DrTm


Innate Abilities, Weirdness & Mutations

You are immune to sickness and miasma.
Your stone body is resilient. (AC +11)
You are immune to poison.
Your large and strong wings let you fly.
You resist negative energy. (rN+)
You are resistant to electric shocks. (rElec)
You are resistant to unholy torment.
You are immune to petrification.


Message History

Space warps horribly around you!
The merfolk is engulfed in a cloud of scalding steam. x2
The merfolk impaler is engulfed in a cloud of scalding steam.
The merfolk is engulfed in a cloud of scalding steam.
The merfolk impaler hits you from afar with a +1 trident of distortion!!
Space bends around you.
The merfolk is engulfed in a cloud of scalding steam.
The merfolk throws a throwing net.
The throwing net hits you.
You become entangled in the net!
You hear a splash.
The merfolk impaler hits you but does no damage.
Space warps horribly around you!
* * * LOW HITPOINT WARNING * * *
The merfolk completely misses you.
You see here a throwing net.
Casting: Bolt of Magma (dangerous; 3% risk of failure)
Confirm with . or Enter, or press ? or * to list all spells.
Aiming: Bolt of Magma (dangerous; 3% risk of failure)
Press: ? - help, Shift-Dir - straight line, f - merfolk, p - merfolk impaler
Aim: a merfolk, wielding a +0 spear (water, moderately wounded, 64% to hit)
The bolt of magma misses the merfolk impaler.
The merfolk impaler is engulfed in a cloud of scalding steam.
The merfolk impaler hits you from afar with a +1 trident of distortion!
* * * LOW HITPOINT WARNING * * *
The merfolk barely misses you.
The merfolk impaler is engulfed in a cloud of scalding steam.
The merfolk impaler hits you from afar with a +1 trident of distortion!
* * * LOW HITPOINT WARNING * * *
Unknown command.
You feel much better.
You hear a splash.
You feel a bit more experienced.
The merfolk impaler is engulfed in a cloud of scalding steam.
The merfolk impaler hits you from afar with a +1 trident of distortion!
* * * LOW HITPOINT WARNING * * *
Space bends around you.
* * * LOW HITPOINT WARNING * * *
The merfolk is engulfed in a cloud of scalding steam.
The merfolk hits you from afar with a +0 spear!
You die...

≈≈≈≈≈≈.....................
≈≈≈≈≈≈≈≈≈≈....≈≈≈≈≈≈.......
≈≈≈≈≈≈≈≈..........≈≈≈≈≈...#
≈≈≈≈≈≈≈≈≈≈≈≈≈..##.........#
≈≈≈≈≈≈≈≈≈≈≈≈..####.(.....##
≈≈≈≈≈≈≈≈≈≈≈≈..# ##........
≈≈≈≈≈≈≈≈≈≈≈≈..# ##..≈≈..##
≈≈m≈≈≈§§m≈≈≈..# #.......#
≈≈≈≈≈≈m≈m§@≈..####......###
≈≈≈≈≈≈≈§§≈≈≈....)....#### #
≈≈≈≈≈≈≈≈≈≈≈...##....#######
≈≈≈≈≈≈≈≈≈≈≈..####...# #....
≈≈≈≈≈≈≈≈≈≈≈.## ##..###....
≈≈≈≈≈≈≈≈≈≈≈.. ##..)†##..
≈≈≈≈≈≈≈≈≈≈≈... ##...###.
≈≈≈≈≈≈≈≈.≈. ##...# ## ≈..
#...## #


You could see a merfolk impaler and a merfolk.

Vanquished Creatures
  An azure jelly (IceCv)
  An orc warlord (Orc:1)
  A quicksilver ooze (IceCv)
  Harold (Orc:1)
  A catoblepas (Lair:4)
  Erica (D:9)
  5 hydras
  2 two-headed ogres
  An orc high priest (Orc:2)
  3 death yaks (Lair:4)
  Urug (Orc:2)
  Sonja (Lair:3)
  Nergalle (D:11)
  2 sea snakes (Shoals:1)
  A lindwurm (Lair:4)
  4 harpies (Shoals:1)
  2 orc knights
  An ugly thing (D:11)
  7 fauns (Shoals:1)
  2 orc sorcerers (Orc:2)
  An oklob plant (Lair:4)
  A cyclops (Shoals:1)
  2 manticores (Shoals:1)
  3 merfolk sirens (Shoals:1)
  2 ice statues (IceCv)
  2 black mambas
  7 cane toads
  An unseen horror (D:11)
  10 komodo dragons
  2 rime drakes
  An entropy weaver simulacrum (IceCv)
  5 trolls
  A polar bear (Lair:3)
  3 merfolk (Shoals:1)
  17 slime creatures (IceCv)
  2 wind drakes (Shoals:1)
  A hornet (D:8)
  11 blink frogs
  2 dream sheep (Shoals:1)
  6 snapping turtles (Shoals:1)
  3 spriggans (Lair:2)
  4 basilisks
  A water elemental (Shoals:1)
  A wraith (D:11)
  51 yaks
  2 fire bats (Orc:1)
  5 wyverns
  2 humans (D:10)
  Menkaure (D:7)
  A steam dragon (D:7)
  3 wargs (Orc:2)
  2 acid dragons
  4 nagas (Lair:2)
  13 water moccasins
  A demonic crawler simulacrum (IceCv)
  A floating eye (Lair:4)
  22 orc warriors
  2 ice beasts
  A sky beast (D:7)
  2 black bears
  2 necrophages (D:8)
  5 ogres
  2 ugly thing simulacra (IceCv)
  8 centaurs
  7 wolves
  2 phantoms
  Blork the orc (Orc:2)
  10 bullfrogs
  8 gnoll sergeants
  3 glowing shapeshifter simulacra (IceCv)
  2 scorpions (D:6)
  A water moccasin zombie (D:6)
  2 wyvern skeletons
  4 killer bees
  9 wights
  3 howler monkeys
  3 electric eels
  4 centaur zombies
  A bullfrog zombie (D:6)
  A bullfrog skeleton (D:7)
  5 hounds
  4 jellies
  Crazy Yiuf (D:7)
  14 orc priests
  5 gnoll shamans
  2 iguanas (D:5)
  A centaur skeleton (D:7)
  11 orc wizards
  2 howler monkey zombies
  36 gnolls
  12 adders
  A shadow imp (D:6)
  An ufetubus (D:5)
  An adder skeleton (D:4)
  5 worms
  42 orcs
  9 ball pythons
  4 endoplasms
  4 giant cockroaches
  7 hobgoblins
  9 jackals (D:8)
  6 kobolds
  3 quokkas
  8 bats
  A frilled lizard (D:1)
  3 goblins
  5 rats
  A fire vortex (Orc:1)
522 creatures vanquished.

Vanquished Creatures (others)
  A demonic crawler simulacrum (IceCv)
  A glowing shapeshifter simulacrum (IceCv)
  25 fungi
  86 plants
113 creatures vanquished.

Grand Total: 635 creatures vanquished

Notes
Turn   | Place    | Note
-------+----------+-------------------------------------------
     0 | D:1      | Kaptain the Gargoyle Earth Elementalist began the quest for
                  | the Orb.
     0 | D:1      | Reached XP level 1. HP: 10/10 MP: 3/3
   376 | D:1      | Reached XP level 2. HP: 15/15 MP: 3/5
   653 | D:1      | Reached skill level 4 in Earth Magic
   837 | D:1      | Found a faded altar of an unknown god.
  1147 | D:2      | Reached XP level 3. HP: 17/20 MP: 2/6
  1360 | D:2      | Reached skill level 1 in Armour
  1363 | D:2      | Reached skill level 1 in Fighting
  1512 | D:2      | Learned a level 3 spell: Stone Arrow
  1520 | D:2      | Reached XP level 4. HP: 18/25 MP: 1/7
  1975 | D:2      | Reached XP level 5. HP: 17/29 MP: 4/9
  2676 | D:3      | Found a glowing golden altar of the Shining One.
  2678 | D:3      | Noticed an angel
  2793 | D:3      | Found a basalt altar of Yredelemnul.
  2795 | D:3      | Noticed a profane servitor
  2837 | D:3      | Found a snail-covered altar of Cheibriados.
  2894 | D:3      | Found a white marble altar of Elyvilon.
  3437 | D:3      | Found an opulent altar of Gozag.
  3493 | D:3      | Reached skill level 1 in Conjurations
  3493 | D:3      | Reached skill level 5 in Earth Magic
  3493 | D:3      | Reached XP level 6. HP: 22/35 MP: 10/10
  4329 | D:4      | Found Oxawuto's Antique Armour Shoppe.
  4753 | D:4      | Identified a scroll of acquirement
  4901 | D:4      | Found a staircase to the Ecumenical Temple.
  4907 | Temple   | Entered the Ecumenical Temple
  5336 | D:5      | Entered Level 5 of the Dungeon
  5405 | D:5      | Found Muraulo's Armour Shop.
  5574 | D:5      | Reached XP level 7. HP: 24/40 MP: 3/12
  5736 | D:5      | Noticed a troll
  7196 | D:6      | Found a stormy altar of Qazlal.
  7277 | D:6      | Reached skill level 6 in Earth Magic
  7444 | D:6      | Reached XP level 8. HP: 45/45 MP: 7/14
  8443 | D:5      | Killed a troll
  8711 | D:7      | Reached skill level 7 in Earth Magic
  8844 | D:7      | Reached XP level 9. HP: 51/51 MP: 3/16
  8845 | D:7      | Reached skill level 5 in Spellcasting
  9449 | D:7      | Noticed Menkaure
  9454 | D:7      | Killed Menkaure
  9455 | D:7      | Reached skill level 5 in Stealth
  9455 | D:7      | Reached skill level 5 in Conjurations
  9936 | D:7      | Found a runed translucent door.
  9937 | D:7      | Noticed Crazy Yiuf
  9942 | D:7      | Killed Crazy Yiuf
  9947 | D:7      | Identified the +2 mace of Sodipea {vorpal, Int+3}
 10029 | D:7      | Found a sacrificial altar of Ru.
 10320 | D:7      | Found a shadowy altar of Dithmenos.
 10321 | D:7      | Found a hide-covered altar of Uskayaw.
 10974 | D:8      | Found a blossoming altar of Fedhas.
 10977 | D:8      | Found a bloodstained altar of Trog.
 11030 | D:8      | Reached skill level 8 in Earth Magic
 11153 | D:8      | Noticed a hornet
 11157 | D:8      | Killed a hornet
 11191 | D:8      | Reached skill level 1 in Shields
 11719 | D:8      | Reached XP level 10. HP: 58/58 MP: 13/19
 13005 | D:9      | Reached skill level 5 in Armour
 13067 | D:9      | Noticed Erica
 13070 | D:9      | Reached skill level 5 in Fighting
 13077 | D:9      | Killed Erica
 13078 | D:9      | Reached skill level 9 in Earth Magic
 13954 | D:9      | Found a staircase to the Orcish Mines.
 14059 | D:10     | Entered Level 10 of the Dungeon
 14172 | D:10     | Found a portal to a secret trove of treasure.
 14237 | D:10     | Found an iron altar of Okawaru.
 14365 | D:10     | Noticed a two-headed ogre
 14437 | D:10     | Noticed a two-headed ogre
 14446 | D:9      | Killed a two-headed ogre
 14447 | D:9      | Reached XP level 11. HP: 42/64 MP: 3/21
 14771 | D:10     | Killed a two-headed ogre
 14850 | D:10     | Reached skill level 10 in Earth Magic
 14929 | D:10     | Found an ornate altar of the Wu Jian Council.
 15607 | D:11     | Found a basalt altar of Yredelemnul.
 15815 | D:11     | Found a staircase to the Lair.
 16039 | D:11     | Noticed a green ugly thing
 16044 | D:11     | Killed a green ugly thing
 16350 | D:11     | Found Amap's Magic Scroll Shop.
 16409 | D:11     | Noticed Nergalle
 16411 | D:11     | Noticed a spectral orc warlord
 16411 | D:11     | Killed Nergalle
 16606 | Lair:1   | Entered Level 1 of the Lair of Beasts
 16797 | D:11     | Reached XP level 12. HP: 63/71 MP: 12/24
 17133 | Lair:1   | Identified the +3 trident of Kismet {spect, rC+}
 17204 | Lair:1   | Reached skill level 11 in Earth Magic
 17224 | Lair:1   | Reached skill level 5 in Shields
 18122 | Lair:2   | Found a frozen archway.
 18135 | IceCv    | Entered an ice cave
 18978 | IceCv    | Reached skill level 10 in Conjurations
 19035 | IceCv    | Found a viscous altar of Jiyva.
 19035 | IceCv    | Noticed an azure jelly
 19038 | IceCv    | Noticed a quicksilver ooze
 19043 | IceCv    | Killed an azure jelly
 19133 | IceCv    | Killed a quicksilver ooze
 19134 | IceCv    | Reached skill level 12 in Earth Magic
 19134 | IceCv    | Reached XP level 13. HP: 76/76 MP: 16/26
 19144 | IceCv    | Got the Volume of the Snowflakes
 19839 | Lair:2   | Found a staircase to the Snake Pit.
 20219 | Lair:2   | Found a broken altar of Ashenzari.
 21340 | Lair:3   | Noticed Sonja
 21348 | Lair:3   | Killed Sonja
 22864 | Lair:4   | Reached skill level 10 in Spellcasting
 23276 | Lair:4   | Reached skill level 13 in Earth Magic
 23276 | Lair:4   | Gained mutation: Your large and strong wings let you fly.
                  | [Gargoyle growth]
 23276 | Lair:4   | Reached XP level 14. HP: 72/84 MP: 12/28
 23589 | Lair:4   | Found a staircase to the Shoals.
 23631 | Lair:4   | Found a runed translucent gate.
 23631 | Lair:4   | Found a runed translucent gate.
 23636 | Lair:4   | Found a runed translucent gate.
 23639 | Lair:4   | Noticed Vufrucs's ghost (journeyman DrTm)
 25567 | Orc:1    | Entered Level 1 of the Orcish Mines
 25570 | Orc:1    | Found Cutef's Jewellery Shoppe.
 25833 | Orc:1    | Noticed Harold
 25865 | Orc:1    | Killed Harold
 26279 | Orc:2    | Entered Level 2 of the Orcish Mines
 26767 | Orc:2    | Noticed Blork the orc
 26768 | Orc:2    | Noticed Urug
 26787 | Orc:2    | Killed Blork the orc
 26795 | Orc:2    | Killed Urug
 27802 | Orc:2    | Noticed an orc warlord
 27889 | Orc:1    | Killed an orc warlord
 28364 | Orc:2    | Reached skill level 10 in Stealth
 28369 | Orc:2    | Found Mibrutet's Antique Armour Shop.
 28516 | Orc:2    | Found Apiur's Antique Weapon Shop.
 28549 | Orc:2    | Found Lycvub's Book Shop.
 28557 | Orc:2    | Bought a book of the Earth for 440 gold pieces
 28557 | Orc:2    | Bought a book of Iron for 396 gold pieces
 28563 | Orc:2    | Learned a level 5 spell: Bolt of Magma
 28570 | Orc:2    | Learned a level 6 spell: Iron Shot
 28580 | Orc:2    | Found Toraen's General Store.
 28588 | Orc:2    | Bought a scroll of magic mapping for 49 gold pieces
 28782 | Orc:2    | Found a staircase to the Elven Halls.
 29282 | Shoals:1 | Entered Level 1 of the Shoals
 29295 | Shoals:1 | Found Qievvini's General Store.
 30001 | Shoals:1 | Reached skill level 1 in Fire Magic
 30678 | Shoals:1 | Reached skill level 14 in Earth Magic
 30678 | Shoals:1 | Reached XP level 15. HP: 68/90 MP: 19/30
 31277 | Shoals:1 | HP: 1/90 [merfolk impaler (16)]
 31278 | Shoals:1 | Slain by a merfolk

Illustrated notes

Levels and vault maps discovered:
D:1:      sevenhm_arrival_forest_fort_large_4, layout_loops_ring,
          ebering_ecumenical_altar_abandoned
D:2:      layout_loops_ring
D:3:      layout_loops_ring, grunt_temple_overflow_holy_war,
          mainiacjoe_overflow_small_starburst,
          mainiacjoe_overflow_catch_the_wave, chequers_serial_rivers_room_a,
          minmay_increasing_density
D:4:      layout_rooms, minmay_temple_entry_enclosed_plants, serial_shops, shop,
          chequers_big_river
D:5:      wad_pebble_path, layout_basic, serial_shops, nicolae_shop_stone
D:6:      layout_cave_pools, mainiacjoe_overflow_alcove_4,
          serial_co_window_serial, co_window_paths_a,
          co_window_of_opportunity_a, co_window_paths_b, co_window_corner_a,
          co_window_corner_a, co_window_corner_b, co_window_cross_3,
          co_window_unsneaky_path_a, co_window_of_opportunity_c,
          co_window_broadway_c, glass_columns_c, glass_columns_c,
          glass_columns_a, glass_columns_c
D:7:      layout_layer_cave, old_standard_altar, grunt_temple_overflow_open,
          kennysheep_dice, uniq_menkaure, uniq_crazy_yiuf_cottage
D:8:      layout_cave_pools, old_standard_altar, lemuel_doored_altar,
          serial_gnoll_camp, gnoll_camp_medium_02, gnoll_camp_mini_basic,
          gnoll_camp_medium_01, gnoll_camp_mini_house, gnoll_camp_huts_basic
D:9:      layout_basic, orc_0_dummy, uniq_erica
D:10:     layout_cave_pools, okawaru_humans,
          mainiacjoe_overflow_surrounded_room, nicolae_trove_entry_diagonal,
          st_stairs_5, kennysheep_generic_room_16
D:11:     layout_roguey, minmay_lair_entry_grove, serial_shops,
          nicolae_shop_crystal, yredelemnul_altar_generic, uniq_nergalle
Temple:   compressed_dpeg_triangle_lava_temple
Lair:1:   layout_regular_city, patterned_corridor
Lair:2:   layout_gridlike, minmay_snake_entry_guardpost_medium, basic_altar,
          portal_ice_cave_entry_pillars_2, wad_woods_02
Lair:3:   layout_small_grid, beast_lair_carwin_1, grunt_megastairs_1, uniq_sonja
Lair:4:   layout_loops_ring, minmay_shoals_entry_centaurs,
          gammafunk_ghost_split, disabler_island, serial_bayou_shore_a,
          grunt_megastairs_2
Lair:5:   layout_concentric_octagons, lemuel_fruit_fields
Shoals:1: layout_shoals, serial_shops, nicolae_shop_statue_plus
Orc:1:    layout_diamond_mine, nicolae_orc_lava_tube,
          minmay_shop_enchanted_jewellery, uniq_harold
Orc:2:    grunt_orc_cross, layout_diamond_mine

Skill      XL: |  1  2  3  4  5  6  7  8  9 10 11 12 13 14 |
---------------+-------------------------------------------+-----
Earth Magic    | 4 5 6 7 8 9 10 12 13 14 | 14.1
Armour         | 1 2 3 4 5 6 7 8 9 |  9.3
Fighting       | 1 2 3 4 5 6 7 8 9 |  9.2
Dodging        | 2 3 4 |  4.3
Spellcasting   | 3 4 6 7 8 9 10 11 | 11.0
Stealth        | 3 4 5 6 7 8 9 10 | 10.0
Conjurations   | 1 2 3 4 6 7 8 10 11 12 | 12.4
Shields        | 1 3 4 6 7 8 |  8.1
Fire Magic     | 1 |  1.9
Transmutations | |  0.7

Action                   |  1- 3 |  4- 6 |  7- 9 | 10-12 | 13-15 || total
-------------------------+-------+-------+-------+-------+-------++-------
Melee: Mace              |       |    73 |    43 |       |       ||   116
       Scimitar          |       |       |    21 |    33 |       ||    54
       Trident           |       |       |       |    13 |   145 ||   158
 Cast: Sandblast         |    46 |    68 |    43 |   185 |    72 ||   414
       Stone Arrow       |       |     9 |   120 |   201 |   411 ||   741
       Bolt of Magma     |       |       |       |       |    23 ||    23
       Iron Shot         |       |       |       |       |    14 ||    14
Evoke: Wand              |       |       |       |     8 |    22 ||    30
  Use: Scroll            |       |     4 |     7 |    11 |     9 ||    31
       Potion            |       |     2 |       |     3 |     4 ||     9
 Stab: Sleeping          |       |     3 |       |     2 |     1 ||     6
       Petrified         |       |       |       |       |     3 ||     3
       Distracted        |       |       |       |       |     2 ||     2
Armor: Robe              |     4 |    17 |       |       |       ||    21
       Leather armour    |       |    24 |    58 |       |       ||    82
       Troll leather arm |       |       |    32 |   120 |   199 ||   351
Dodge: Dodged            |    13 |    62 |    91 |   132 |   196 ||   494
Block: Buckler           |       |       |       |    21 |    99 ||   120
       Rpst.: Scimitar   |       |       |     5 |    23 |       ||    28
